[Event "Drogheda Congress (Thomson Masters) 2026"]
[Site "Drogheda IRL"]
[Date "2026.05.31"]
[Round "4.2"]
[White "Balaji, Aaravamudhan"]
[Black "Flynn, Jacob"]
[Result "1/2-1/2"]
[WhiteTitle "IM"]
[BlackTitle "CM"]
[WhiteElo "2304"]
[BlackElo "2241"]
[BlackICU "2303"]
[BlackClub "Malahide"]
[WhiteNationality "ENG"]
[BlackNationality "IRL"]
[WhiteFideId "436224"]
[BlackFideId "2509393"]
[PlyCount "73"]
[ECO "D35"]
[Opening "QGD"]
[Variation "exchange, positional line, 5...c6"]
[FIDETournamentId "480233"]
[ChessResultsKey "1423859"]
[EventSection "1/4"]
[Venue "St Mary's Parish Primary School, Bryanstown, Drogheda A92 XD80"]
[EventDate "2026.05.30"]
[TimeControl "5400+30"]

{ Event information: <a
href="https://www.irlchess.com/drogheda2026_allfiles/pairings_drogheda2026.html">Tournament
report</a>. }

1. d4 d5 2. c4 e6 3. Nc3 Nf6 4. cxd5 exd5 5. Bg5 c6 6. e3 h6 7. Bh4 Be7 8.
Bd3 O-O 9. Nge2 Ne8 10. Bxe7 Qxe7 11. Ng3 Nd6 12. O-O Nd7 13. Qc2 Nf6 14.
Rae1 b6 15. f3 c5 16. e4 cxd4 17. Nxd5 Nxd5 18. exd5 Qf6 19. f4 Bb7 20. Re5
Qd8 21. Qf2 f6 22. Rh5 Bc8 23. f5 Re8 24. Qxd4 Qe7 25. Rh4 Qe3+ 26. Qxe3
Rxe3 27. Rd1 Re5 28. Rf4 Kf8 29. Bc2 Bb7 30. Rfd4 Rc8 31. Bb1 Ke7 32. Rg4
Kf8 33. Rgd4 Ke7 34. Nh5 g5 35. Ng3 Rc5 36. h4 Rcxd5 37. Rxd5 1/2-1/2

[Event "Drogheda Congress (Thomson Masters) 2026"]
[Site "Drogheda IRL"]
[Date "2026.05.31"]
[Round "4.4"]
[White "Cole, Ethan"]
[Black "Hughes, Padraig"]
[Result "0-1"]
[WhiteElo "2006"]
[BlackElo "1917"]
[WhiteICU "2032"]
[BlackICU "1984"]
[WhiteClub "Bangor"]
[BlackClub "Curragh"]
[WhiteNationality "IRL"]
[BlackNationality "IRL"]
[WhiteFideId "2514818"]
[BlackFideId "2505690"]
[PlyCount "24"]
[ECO "A05"]
[Opening "Reti opening"]
[FIDETournamentId "480233"]
[ChessResultsKey "1423859"]
[EventSection "1/4"]
[Venue "St Mary's Parish Primary School, Bryanstown, Drogheda A92 XD80"]
[EventDate "2026.05.30"]
[TimeControl "5400+30"]
[BlackFullName "Hughes, P&aacute;draig"]

{ Event information: <a
href="https://www.irlchess.com/drogheda2026_allfiles/pairings_drogheda2026.html">Tournament
report</a>. }

1. Nf3 Nf6 2. g3 d5 3. Bg2 e6 4. O-O c5 5. d3 Nc6 6. Nbd2 Be7 7. e4 O-O 8.
e5 Nd7 9. Re1 Qc7 10. Qe2 b5 11. Nf1 a5 12. h4 a4 { ... ? } 0-1

[Event "Drogheda Congress (Thomson Masters) 2026"]
[Site "Drogheda IRL"]
[Date "2026.05.31"]
[Round "4.5"]
[White "Ryan, Joshua"]
[Black "Barnes, Oliver"]
[Result "0-1"]
[WhiteElo "1874"]
[BlackElo "1966"]
[WhiteICU "1925"]
[BlackICU "2022"]
[WhiteClub "Knights of Eanna"]
[WhiteNationality "IRL"]
[BlackNationality "IRL"]
[WhiteFideId "2516705"]
[BlackFideId "2517604"]
[PlyCount "74"]
[ECO "C02"]
[Opening "French"]
[Variation "advance, Euwe variation"]
[FIDETournamentId "480233"]
[ChessResultsKey "1423859"]
[EventSection "1/4"]
[Venue "St Mary's Parish Primary School, Bryanstown, Drogheda A92 XD80"]
[EventDate "2026.05.30"]
[TimeControl "5400+30"]

{ Event information: <a
href="https://www.irlchess.com/drogheda2026_allfiles/pairings_drogheda2026.html">Tournament
report</a>. }

1. e4 e6 2. d4 d5 3. e5 c5 4. c3 Bd7 5. Nf3 Nc6 6. Be2 Nge7 7. O-O Nf5 8.
Bd3 cxd4 9. Bxf5 exf5 10. cxd4 Be7 11. Nc3 Be6 12. Qb3 Rb8 13. Rd1 O-O 14.
Ne2 b5 15. Nf4 a5 16. Ne1 b4 17. Nh5 Kh8 18. Qf3 Rg8 19. Rd3 g5 20. h4 g4
21. Qg3 Bxh4 22. Qh2 Rb6 23. g3 Be7 24. Ng2 f6 25. exf6 Bxf6 26. Nhf4 Nxd4
27. Nh4 Nc2 28. Nhg6+ Kg7 29. Nxe6+ Rxe6 30. Qh6+ Kf7 31. Nf4 Re1+ 32. Kg2
d4 33. Qh5+ Rg6 34. Qxf5 Re5 35. Ne6 Rxf5 36. Nxd8+ Bxd8 37. Rb1 Ne1+ 0-1

[Event "Drogheda Congress (Thomson Masters) 2026"]
[Site "Drogheda IRL"]
[Date "2026.05.31"]
[Round "4.6"]
[White "Liu, Jason"]
[Black "Bartczak, Korneliusz"]
[Result "1/2-1/2"]
[WhiteTitle "FM"]
[WhiteElo "2252"]
[BlackElo "2130"]
[WhiteICU "2220"]
[BlackICU "2138"]
[WhiteClub "Gonzaga"]
[BlackClub "Limerick"]
[WhiteNationality "IRL"]
[BlackNationality "IRL"]
[WhiteFideId "2514656"]
[BlackFideId "2523558"]
[PlyCount "29"]
[ECO "C50"]
[Opening "Giuoco Pianissimo"]
[Variation "Italian four knights variation"]
[FIDETournamentId "480233"]
[ChessResultsKey "1423859"]
[EventSection "1/4"]
[Venue "St Mary's Parish Primary School, Bryanstown, Drogheda A92 XD80"]
[EventDate "2026.05.30"]
[TimeControl "5400+30"]

{ Event information: <a
href="https://www.irlchess.com/drogheda2026_allfiles/pairings_drogheda2026.html">Tournament
report</a>. }

1. e4 e5 2. Nf3 Nc6 3. Bc4 Nf6 4. d3 Bc5 5. Nc3 h6 6. h3 a6 7. Be3 d6 8.
Bxc5 dxc5 9. a4 Qd6 10. Ne2 Be6 11. Ng3 O-O-O 12. Qe2 Bxc4 13. dxc4 Nd4 14.
Nxd4 cxd4 15. O-O 1/2-1/2

[Event "Drogheda Congress (Thomson Masters) 2026"]
[Site "Drogheda IRL"]
[Date "2026.05.31"]
[Round "4.7"]
[White "Daly, Colm"]
[Black "Melaugh, Shane"]
[Result "1-0"]
[WhiteTitle "FM"]
[BlackTitle "FM"]
[WhiteElo "2191"]
[BlackElo "2254"]
[WhiteICU "2192"]
[BlackICU "2265"]
[WhiteClub "U.C.D."]
[BlackClub "Elm Mount"]
[WhiteNationality "IRL"]
[BlackNationality "IRL"]
[WhiteFideId "2500434"]
[BlackFideId "2509580"]
[PlyCount "121"]
[ECO "A91"]
[Opening "Dutch defence"]
[FIDETournamentId "480233"]
[ChessResultsKey "1423859"]
[EventSection "1/4"]
[Venue "St Mary's Parish Primary School, Bryanstown, Drogheda A92 XD80"]
[EventDate "2026.05.30"]
[TimeControl "5400+30"]

{ Event information: <a
href="https://www.irlchess.com/drogheda2026_allfiles/pairings_drogheda2026.html">Tournament
report</a>. }

1. d4 e6 2. c4 f5 3. g3 Nf6 4. Bg2 Be7 5. Nc3 d5 6. cxd5 exd5 7. Bg5 c6 8.
Bxf6 Bxf6 9. e3 O-O 10. Nge2 Na6 11. h4 Nc7 12. Nf4 Ne6 13. Nxe6 Bxe6 14.
Qd2 Be7 15. Ne2 a5 16. a3 Bd6 17. Rc1 Qe7 18. O-O Bd7 19. Nf4 a4 20. Bf3
Qd8 21. Kg2 Qa5 22. Qc2 Bxf4 23. exf4 Rfe8 24. Rfd1 Re7 25. Qc5 Qxc5 26.
dxc5 Ra5 27. Rd4 Kf7 28. Rb4 Bc8 29. Kf1 Kf6 30. Be2 g6 31. Ke1 b5 32. Kd2
Ra8 33. Bd3 Bd7 34. Re1 Be6 35. Bc2 Rae8 36. Rd4 Bd7 37. Rxe7 Rxe7 38. Bd3
Re8 39. Kc3 Re1 40. Kd2 Re8 41. Bc2 h5 42. Bd3 Re7 43. f3 Re8 44. Be2 Kf7
45. Rd3 Kf6 46. Bd1 Be6 47. Kc3 Bd7 48. Kb4 Re1 49. Ka5 Rg1 50. Kb6 Rxg3
51. Kc7 Be8 52. b3 axb3 53. Bxb3 Rg1 54. Re3 Bf7 55. Kxc6 d4 56. Rd3 Be8+
57. Kd6 Ra1 58. Bd5 Kg7 59. c6 Rc1 60. c7 Kf8 61. Rxd4 1-0

[Event "Drogheda Congress (Thomson Masters) 2026"]
[Site "Drogheda IRL"]
[Date "2026.05.31"]
[Round "4.8"]
[White "O'Cuilleanain, Oisin"]
[Black "Fil, Alkim Alper"]
[Result "0-1"]
[WhiteElo "2197"]
[BlackElo "1930"]
[WhiteICU "2227"]
[BlackICU "2003"]
[WhiteClub "Knights of Eanna"]
[BlackClub "C.C.Y.M.S."]
[WhiteNationality "IRL"]
[BlackNationality "TUR"]
[WhiteFideId "2514249"]
[BlackFideId "6309747"]
[PlyCount "82"]
[ECO "B28"]
[Opening "Sicilian"]
[Variation "O'Kelly variation"]
[FIDETournamentId "480233"]
[ChessResultsKey "1423859"]
[EventSection "1/4"]
[Venue "St Mary's Parish Primary School, Bryanstown, Drogheda A92 XD80"]
[EventDate "2026.05.30"]
[TimeControl "5400+30"]
[WhiteFullName "O'Cuillean&aacute;in, Ois&iacute;n"]
[BlackFullName "F&#305;l, Alkim Alper"]

{ Event information: <a
href="https://www.irlchess.com/drogheda2026_allfiles/pairings_drogheda2026.html">Tournament
report</a>. }

1. e4 c5 2. Nf3 a6 3. g3 b5 4. Bg2 Bb7 5. Qe2 Nc6 6. O-O e6 7. c3 d5 8.
exd5 Qxd5 9. d4 cxd4 10. Rd1 Rd8 11. cxd4 Nf6 12. Nc3 Qh5 13. d5 Nxd5 14.
Rxd5 Rxd5 15. g4 Qxg4 16. Nxd5 Bd6 17. Ne3 Qh5 18. h3 Ne5 19. Nd4 Qg6 20.
Kh1 Be4 21. f4 $6 (21. f3 $16) 21... Nd3 22. f5 $4 (22. Ng4 $14) 22... Qg3
$19 23. Bxe4 Nf2+ 24. Qxf2 Qxf2 25. Bg2 O-O 26. Nf3 Bc5 27. Ng4 Qc2 28. Bd2
Qxb2 29. Rc1 Bd6 30. f6 gxf6 31. Bh6 f5 32. Ngh2 Rd8 33. Be3 f6 34. Rg1 Kf7
35. Bd4 Qxa2 36. Ra1 Qc4 37. Bb6 Rd7 38. Rxa6 b4 39. Bf1 Qc1 40. Bd4 Bxh2
41. Ra1 Qf4 0-1

[Event "Drogheda Congress (Thomson Masters) 2026"]
[Site "Drogheda IRL"]
[Date "2026.05.31"]
[Round "4.9"]
[White "Ivanov, Andrey"]
[Black "Liu, Murray"]
[Result "1-0"]
[WhiteTitle "CM"]
[WhiteElo "2086"]
[BlackElo "1839"]
[WhiteICU "2102"]
[BlackICU "1933"]
[WhiteClub "Malahide"]
[BlackClub "Blanchardstown"]
[WhiteNationality "IRL"]
[BlackNationality "IRL"]
[WhiteFideId "2514311"]
[BlackFideId "2517191"]
[PlyCount "131"]
[ECO "A17"]
[Opening "English"]
[Variation "Queens Indian formation"]
[FIDETournamentId "480233"]
[ChessResultsKey "1423859"]
[EventSection "1/4"]
[Venue "St Mary's Parish Primary School, Bryanstown, Drogheda A92 XD80"]
[EventDate "2026.05.30"]
[TimeControl "5400+30"]

{ Event information: <a
href="https://www.irlchess.com/drogheda2026_allfiles/pairings_drogheda2026.html">Tournament
report</a>. }

1. Nf3 Nf6 2. c4 e6 3. Nc3 b6 4. a3 Bb7 5. d4 d5 6. cxd5 Nxd5 7. Qc2 Be7 8.
e4 Nxc3 9. bxc3 O-O 10. Bd3 h6 11. O-O c5 12. Rd1 Qc7 13. Qe2 Nd7 14. Bb2
Nf6 15. Rac1 c4 16. Bb1 b5 17. Re1 Nd7 18. e5 Rfe8 19. Nd2 Bg5 20. Rcd1 f5
21. exf6 Nxf6 22. Nf3 Bf4 23. Ne5 Rf8 24. Bc1 Bxc1 25. Rxc1 Qd6 26. Qb2 Qd5
27. f3 a5 28. Be4 Nxe4 29. fxe4 Qd8 30. Qxb5 Ba6 31. Qb2 Rb8 32. Qe2 Rb3
33. Qg4 Qf6 34. Rf1 Rxc3 35. Rcd1 Qd8 36. Qxe6+ Kh7 37. Rxf8 Qxf8 38. Qxa6
Rc2 39. Qg6+ Kg8 40. Qe6+ Kh7 41. Qf5+ Qxf5 42. exf5 c3 43. Nd3 Ra2 44. Rc1
Rxa3 45. Rc2 a4 46. Nc1 Kg8 47. Kf2 Kf7 48. Ke3 Rb3 49. Nxb3 axb3 50. Rxc3
g5 51. Rxb3 g4 52. Kf4 h5 53. Rb6 g3 54. Kxg3 h4+ 55. Kxh4 Ke7 56. Re6+ Kf7
57. d5 Kg7 58. d6 Kf7 59. d7 Kg7 60. d8=N Kf8 61. Nc6 Kg8 62. Kg5 Kh8 63.
Re8+ Kg7 64. f6+ Kf7 65. Re7+ Kf8 66. Kf5 1-0

[Event "Drogheda Congress (Thomson Masters) 2026"]
[Site "Drogheda IRL"]
[Date "2026.05.31"]
[Round "4.10"]
[White "Nichenametla V, Advaith"]
[Black "Andhurthi, Sreeyan"]
[Result "1/2-1/2"]
[WhiteElo "1915"]
[BlackElo "1933"]
[WhiteICU "1969"]
[BlackICU "1943"]
[WhiteClub "Master C.C."]
[BlackClub "Blanchardstown"]
[WhiteNationality "IRL"]
[BlackNationality "IRL"]
[WhiteFideId "2516896"]
[BlackFideId "2523531"]
[PlyCount "49"]
[ECO "B23"]
[Opening "Sicilian"]
[Variation "chameleon variation"]
[FIDETournamentId "480233"]
[ChessResultsKey "1423859"]
[EventSection "1/4"]
[Venue "St Mary's Parish Primary School, Bryanstown, Drogheda A92 XD80"]
[EventDate "2026.05.30"]
[TimeControl "5400+30"]

{ Event information: <a
href="https://www.irlchess.com/drogheda2026_allfiles/pairings_drogheda2026.html">Tournament
report</a>. }

1. e4 c5 2. Nc3 Nc6 3. Nge2 g6 4. g3 Bg7 5. Bg2 e6 6. O-O Nge7 7. d3 O-O 8.
h3 d5 9. f4 b6 10. g4 dxe4 11. Nxe4 f5 12. N4g3 Rb8 13. Kh2 Bb7 14. Rb1 Nd4
15. Nxd4 cxd4 16. Qe2 Qd7 17. Bxb7 Rxb7 18. Bd2 Re8 19. Rbe1 Kf7 20. c3
Rbb8 21. cxd4 Nc6 22. Bc3 Nxd4 23. Qd1 Rbd8 24. Re3 e5 25. fxe5 1/2-1/2

[Event "Drogheda Congress (Thomson Masters) 2026"]
[Site "Drogheda IRL"]
[Date "2026.06.01"]
[Round "5.1"]
[White "Barnes, Oliver"]
[Black "Kanyamarala, Tarun"]
[Result "0-1"]
[BlackTitle "IM"]
[WhiteElo "1966"]
[BlackElo "2418"]
[WhiteICU "2022"]
[BlackICU "2441"]
[BlackClub "Dublin"]
[WhiteNationality "IRL"]
[BlackNationality "IRL"]
[WhiteFideId "2517604"]
[BlackFideId "45004714"]
[PlyCount "90"]
[ECO "B56"]
[Opening "Sicilian"]
[FIDETournamentId "480233"]
[ChessResultsKey "1423859"]
[EventSection "1/4"]
[Venue "St Mary's Parish Primary School, Bryanstown, Drogheda A92 XD80"]
[EventDate "2026.05.30"]
[TimeControl "5400+30"]

{ Event information: <a
href="https://www.irlchess.com/drogheda2026_allfiles/pairings_drogheda2026.html">Tournament
report</a>. }

1. e4 c5 2. Nf3 d6 3. d4 cxd4 4. Nxd4 Nf6 5. Nc3 Bd7 6. Bg5 e6 7. Qd2 a6 8.
O-O-O h6 9. Bh4 Nxe4 10. Nxe4 Qxh4 11. f4 d5 12. Nc3 Bb4 13. g3 Qf6 14. Kb1
Nc6 15. Bh3 O-O 16. Rhe1 Nxd4 17. Qxd4 Qxd4 18. Rxd4 Bxc3 19. bxc3 e5 20.
Bxd7 exd4 21. cxd4 Rfd8 22. Ba4 Kf8 23. Re5 Rd6 24. Kb2 Rad8 25. Bb3 R8d7
26. Kc3 f6 27. Re3 Re7 28. Rf3 Re2 29. h4 f5 30. Kd3 Re4 31. c3 Ke7 32. Kd2
Kf6 33. h5 Re7 34. Rf2 b5 35. a3 Rde6 36. Bxd5 Re1 37. Bc6 Ra1 38. Kd3 Ke6
39. g4 Kd6 40. d5 Rg1 41. gxf5 Rg3+ 42. Kd2 Ree3 43. Bb7 a5 44. Bc6 Rxc3
45. Bxb5 Rxa3 0-1

[Event "Drogheda Congress (Thomson Masters) 2026"]
[Site "Drogheda IRL"]
[Date "2026.06.01"]
[Round "5.2"]
[White "Artemenko, Oleg"]
[Black "Balaji, Aaravamudhan"]
[Result "1-0"]
[WhiteTitle "FM"]
[BlackTitle "IM"]
[WhiteElo "2330"]
[BlackElo "2304"]
[WhiteICU "2383"]
[WhiteNationality "UZB"]
[BlackNationality "ENG"]
[WhiteFideId "14201798"]
[BlackFideId "436224"]
[PlyCount "107"]
[ECO "D31"]
[Opening "QGD"]
[Variation "Charousek (Petrosian) variation"]
[FIDETournamentId "480233"]
[ChessResultsKey "1423859"]
[EventSection "1/4"]
[Venue "St Mary's Parish Primary School, Bryanstown, Drogheda A92 XD80"]
[EventDate "2026.05.30"]
[TimeControl "5400+30"]

{ Event information: <a
href="https://www.irlchess.com/drogheda2026_allfiles/pairings_drogheda2026.html">Tournament
report</a>. }

1. d4 d5 2. c4 e6 3. Nc3 Be7 4. cxd5 exd5 5. Bf4 c6 6. e3 Bd6 7. Bxd6 Qxd6
8. Bd3 Ne7 9. Qc2 Qf6 10. Rc1 Nd7 11. Nf3 Qh6 12. O-O O-O 13. b4 a6 14. a4
Nb6 15. a5 Nd7 16. Na4 Nf6 17. Nc5 Rb8 18. Rce1 Qh5 19. Ne5 Rd8 20. f3 Nd7
21. Nexd7 Bxd7 22. e4 Ng6 23. Qd2 Qh4 24. g3 Qh3 25. e5 Bf5 26. Be2 Nf8 27.
Rf2 Ne6 28. Bf1 Qh6 29. Qxh6 gxh6 30. g4 Bg6 31. f4 Be4 32. Nb3 b6 33. f5
Ng5 34. Re3 bxa5 35. Nxa5 Rdc8 36. Bxa6 Rc7 37. h4 Nf3+ 38. Rfxf3 Bxf3 39.
Rxf3 Rxb4 40. Rb3 c5 41. dxc5 Rxg4+ 42. Kh2 Rxc5 43. f6 Kh8 44. Nb7 Rc8 45.
Nd6 Rf8 46. Kh3 Rg1 47. Kh2 Rg4 48. Be2 Rxh4+ 49. Kg3 Rh1 50. Nxf7+ Kg8 51.
Bf3 Rg1+ 52. Kf2 Kxf7 53. Bxd5+ Kg6 54. Kxg1 1-0

[Event "Drogheda Congress (Thomson Masters) 2026"]
[Site "Drogheda IRL"]
[Date "2026.06.01"]
[Round "5.3"]
[White "Flynn, Jacob"]
[Black "Hughes, Padraig"]
[Result "1-0"]
[WhiteTitle "CM"]
[WhiteElo "2241"]
[BlackElo "1917"]
[WhiteICU "2303"]
[BlackICU "1984"]
[WhiteClub "Malahide"]
[BlackClub "Curragh"]
[WhiteNationality "IRL"]
[BlackNationality "IRL"]
[WhiteFideId "2509393"]
[BlackFideId "2505690"]
[PlyCount "24"]
[ECO "C00"]
[Opening "French"]
[Variation "King's Indian attack"]
[FIDETournamentId "480233"]
[ChessResultsKey "1423859"]
[EventSection "1/4"]
[Venue "St Mary's Parish Primary School, Bryanstown, Drogheda A92 XD80"]
[EventDate "2026.05.30"]
[TimeControl "5400+30"]
[BlackFullName "Hughes, P&aacute;draig"]

{ Event information: <a
href="https://www.irlchess.com/drogheda2026_allfiles/pairings_drogheda2026.html">Tournament
report</a>. }

1. e4 e6 2. d3 d5 3. Qe2 Nf6 4. Nf3 Be7 5. g3 O-O 6. Bg2 c5 7. O-O Nc6 8.
e5 Nd7 9. c4 dxc4 10. dxc4 Nd4 11. Qe4 f5 12. exf6 Nxf6 { ... ? } 1-0

[Event "Drogheda Congress (Thomson Masters) 2026"]
[Site "Drogheda IRL"]
[Date "2026.06.01"]
[Round "5.4"]
[White "Kanyamarala, Trisha"]
[Black "Daly, Colm"]
[Result "0-1"]
[WhiteTitle "WGM"]
[BlackTitle "FM"]
[WhiteElo "2193"]
[BlackElo "2191"]
[WhiteICU "2255"]
[BlackICU "2192"]
[WhiteClub "Dublin"]
[BlackClub "U.C.D."]
[WhiteNationality "IRL"]
[BlackNationality "IRL"]
[WhiteFideId "45004722"]
[BlackFideId "2500434"]
[PlyCount "96"]
[ECO "B06"]
[Opening "Robatsch (modern) defence"]
[FIDETournamentId "480233"]
[ChessResultsKey "1423859"]
[EventSection "1/4"]
[Venue "St Mary's Parish Primary School, Bryanstown, Drogheda A92 XD80"]
[EventDate "2026.05.30"]
[TimeControl "5400+30"]

{ Event information: <a
href="https://www.irlchess.com/drogheda2026_allfiles/pairings_drogheda2026.html">Tournament
report</a>. }

1. e4 g6 2. d4 Bg7 3. c4 d6 4. h3 e5 5. d5 h5 6. Nf3 a5 7. Nc3 Kf8 8. Be3
Na6 9. a3 Bh6 10. Bxh6+ Rxh6 11. b4 Kg7 12. Bd3 Rh8 13. Qd2 Ne7 14. Rb1 f6
15. h4 c5 16. dxc6 bxc6 17. Be2 axb4 18. axb4 Bg4 19. O-O c5 20. b5 Nb4 21.
Rfd1 Nc8 22. Nh2 Be6 23. f4 exf4 24. Qxf4 Qe7 25. Nf1 Rd8 26. Ra1 Rxa1 27.
Rxa1 Nb6 28. Ne3 Rh8 29. Rd1 Rd8 30. Rd2 Qf8 31. g4 hxg4 32. Bxg4 Qe7 33.
Rg2 Nd3 34. Qg3 Ne5 35. Bf5 Qf7 36. Ncd5 Nbd7 37. Qh3 Bxd5 38. Nxd5 Rh8 39.
Nf4 Rxh4 40. Qc3 Rxf4 41. b6 Nf3+ 42. Kf2 Nh4+ 43. Kg3 Nxg2 44. Bxd7 Qxd7
45. b7 Qg4+ 46. Kh2 Nh4 47. Qg3 Qxg3+ 48. Kxg3 Rf3+ 0-1

[Event "Drogheda Congress (Thomson Masters) 2026"]
[Site "Drogheda IRL"]
[Date "2026.06.01"]
[Round "5.5"]
[White "Cole, Ethan"]
[Black "Liu, Jason"]
[Result "1-0"]
[BlackTitle "FM"]
[WhiteElo "2006"]
[BlackElo "2252"]
[WhiteICU "2032"]
[BlackICU "2220"]
[WhiteClub "Bangor"]
[BlackClub "Gonzaga"]
[WhiteNationality "IRL"]
[BlackNationality "IRL"]
[WhiteFideId "2514818"]
[BlackFideId "2514656"]
[PlyCount "119"]
[ECO "C00"]
[Opening "French"]
[Variation "King's Indian attack"]
[FIDETournamentId "480233"]
[ChessResultsKey "1423859"]
[EventSection "1/4"]
[Venue "St Mary's Parish Primary School, Bryanstown, Drogheda A92 XD80"]
[EventDate "2026.05.30"]
[TimeControl "5400+30"]

{ Event information: <a
href="https://www.irlchess.com/drogheda2026_allfiles/pairings_drogheda2026.html">Tournament
report</a>. }

1. e4 e6 2. d3 d5 3. Nd2 Nf6 4. Ngf3 c5 5. g3 Nc6 6. Bg2 Be7 7. O-O h6 8.
Re1 O-O 9. h4 b5 10. e5 Nh7 11. Nf1 a5 12. N1h2 a4 13. Bd2 b4 14. Qc1 Kh8
15. Bh3 a3 16. b3 f5 17. Kg2 g5 18. hxg5 hxg5 19. Rh1 Rg8 20. g4 f4 21. Re1
Ba6 22. Qd1 Nf8 23. Kg1 Ng6 24. Bf1 Qc7 25. Qe2 Kg7 26. c4 bxc3 27. Bxc3
Rh8 28. Qc2 Qb6 29. d4 cxd4 30. Bxa6 Rxa6 31. Bd2 Qb5 32. Rad1 Raa8 33. Bc1
Rhc8 34. Qd3 Qxd3 35. Rxd3 Nb4 36. Rd2 d3 37. Nd4 Kf7 38. Nhf3 Ra5 39. Red1
Nf8 40. Ne1 Nd7 41. Nxd3 Nxd3 42. Rxd3 Nxe5 43. Rh3 Ra7 44. b4 Nxg4 45.
Bxa3 Nf6 46. Rb3 Ne4 47. f3 Ng3 48. Re1 e5 49. Nb5 Rb7 50. Nc3 Ke6 51. b5
Bxa3 52. Rxa3 d4 53. Ra6+ Kf7 54. Nd5 Rxb5 55. Rxe5 Rb1+ 56. Kg2 Rb7 57.
Rf6+ Kg7 58. Rxg5+ Kh7 59. Rxf4 Kh6 60. Rxg3 1-0

[Event "Drogheda Congress (Thomson Masters) 2026"]
[Site "Drogheda IRL"]
[Date "2026.06.01"]
[Round "5.6"]
[White "Bartczak, Korneliusz"]
[Black "Ozarpaci, Mert Can"]
[Result "1-0"]
[WhiteElo "2130"]
[BlackElo "1863"]
[WhiteICU "2138"]
[BlackICU "1992"]
[WhiteClub "Limerick"]
[BlackClub "Raharney"]
[WhiteNationality "IRL"]
[BlackNationality "TUR"]
[WhiteFideId "2523558"]
[BlackFideId "34520651"]
[PlyCount "43"]
[ECO "C50"]
[Opening "Giuoco Pianissimo"]
[FIDETournamentId "480233"]
[ChessResultsKey "1423859"]
[EventSection "1/4"]
[Venue "St Mary's Parish Primary School, Bryanstown, Drogheda A92 XD80"]
[EventDate "2026.05.30"]
[TimeControl "5400+30"]

{ Event information: <a
href="https://www.irlchess.com/drogheda2026_allfiles/pairings_drogheda2026.html">Tournament
report</a>. }

1. e4 e5 2. Nf3 Nc6 3. Bc4 Bc5 4. d3 h6 5. O-O Nf6 6. c3 d6 7. Be3 g5 8.
Bxc5 dxc5 9. Bb5 Bg4 10. Nbd2 Qe7 11. Nc4 Rd8 12. Ncxe5 Qd6 13. Nxg4 Nxg4
14. h3 h5 15. e5 Nxe5 16. Nxe5 Kf8 17. Nxc6 bxc6 18. Bc4 g4 19. h4 Rg8 20.
Qd2 Rg6 21. Rae1 Qf6 22. g3 1-0

[Event "Drogheda Congress (Thomson Masters) 2026"]
[Site "Drogheda IRL"]
[Date "2026.06.01"]
[Round "5.7"]
[White "Fil, Alkim Alper"]
[Black "Ivanov, Andrey"]
[Result "0-1"]
[BlackTitle "CM"]
[WhiteElo "1930"]
[BlackElo "2086"]
[WhiteICU "2003"]
[BlackICU "2102"]
[WhiteClub "C.C.Y.M.S."]
[BlackClub "Malahide"]
[WhiteNationality "TUR"]
[BlackNationality "IRL"]
[WhiteFideId "6309747"]
[BlackFideId "2514311"]
[PlyCount "66"]
[ECO "E11"]
[Opening "Bogo-Indian defence, Nimzovich variation"]
[FIDETournamentId "480233"]
[ChessResultsKey "1423859"]
[EventSection "1/4"]
[Venue "St Mary's Parish Primary School, Bryanstown, Drogheda A92 XD80"]
[EventDate "2026.05.30"]
[TimeControl "5400+30"]
[WhiteFullName "F&#305;l, Alkim Alper"]

{ Event information: <a
href="https://www.irlchess.com/drogheda2026_allfiles/pairings_drogheda2026.html">Tournament
report</a>. }

1. d4 Nf6 2. c4 e6 3. Nf3 Bb4+ 4. Bd2 Qe7 5. g3 Nc6 6. e3 O-O 7. Bg2 Bxd2+
8. Qxd2 Ne4 9. Qc2 Qb4+ 10. Nbd2 Nxd2 11. Nxd2 Qe7 12. a3 a5 13. O-O-O Rb8
14. h4 b5 15. g4 bxc4 16. Be4 f5 17. gxf5 d5 18. f6 Rxf6 19. Bxh7+ Kh8 20.
f4 Bd7 21. Rdg1 c3 22. Qxc3 Kxh7 23. h5 Rh6 24. Rg6 Qf7 25. Nf3 Qf5 26.
Rhg1 Rg8 27. R1g5 Qe4 28. Rg3 Kh8 29. R6g5 Be8 30. Nd2 Qh7 31. Rh3 e5 32.
dxe5 Nb4 33. e6 Na2+ 0-1